 Dungeon Crawl Stone Soup version 0.19.1 (webtiles) character file.

1220 Azzok the Geomancer (level 8, -9/44 HPs)
             Began as a Gargoyle Earth Elementalist on Dec 27, 2016.
             Killed by Freeze
             ... invoked by Morrissey's ghost
              (11 damage)
             ... on level 6 of the Dungeon.
             The game lasted 00:16:08 (6876 turns).

Azzok the Geomancer (Gargoyle Earth Elementalist)   Turns: 6876, Time: 00:16:09

Health: -9/44      AC: 10    Str: 12    XL:     8   Next: 47%
Magic:  5/12       EV: 15    Int: 18    God:
Gold:   280        SH:  0    Dex: 10    Spells: 3 memorised, 3 levels left

rFire  . . .     SeeInvis .     b - 222 stones
rCold  . . .     Gourm    .     c - +0 robe
rNeg   + . .     Faith    .     (no shield)
rPois  ∞         Spirit   .     f - +0 hat
rElec  +         Reflect  .     t - +2 cloak
rCorr  .         Harm     .     (no gloves)
MR     +....                    (no boots)
Stlth  ++........               (no amulet)
                                w - ring of protection from magic
                                r - +3 ring of evasion

@: drained
A: negative energy resistance 1, electricity resistance, unbreathing,
petrification resistance, rot immunity, AC +5
a: no special abilities


You were on level 6 of the Dungeon.
You were not hungry.

You visited 1 branch of the dungeon, and saw 6 of its levels.

You collected 280 gold pieces.

Inventory:

Hand Weapons
 a - a +1 whip of electrocution
 H - a +2 flail of holy wrath
Missiles
 b - 222 stones (in hand)
Armour
 c - a +0 robe (worn)
 f - a +0 hat (worn)
 t - a +2 cloak (worn)
 u - a +0 large shield
Jewellery
 r - a +3 ring of evasion (left hand)
 s - an uncursed amulet of regeneration {unknown}
 w - a ring of protection from magic (right hand)
Wands
 B - a wand of polymorph (8/24)
 C - a wand of polymorph (12/24)
 E - a wand of confusion (39/48)
Scrolls
 g - 6 scrolls of identify {unknown}
 h - 3 scrolls of teleportation {unknown}
 j - 5 scrolls of remove curse {unknown}
 k - 2 scrolls of enchant weapon {unknown}
 p - a scroll of blinking {unknown}
 x - a scroll of enchant armour {unknown}
 A - a scroll of magic mapping {unknown}
 F - a scroll of vulnerability {unknown}
 G - a scroll of random uselessness {unknown}
Potions
 i - a potion of heal wounds {unknown}
 l - a potion of might {unknown}
 m - 2 potions of curing {unknown}
 n - a potion of brilliance {unknown}
 o - a potion of cure mutation {unknown}
 q - a potion of lignification {unknown}
 v - a potion of degeneration {unknown}
 z - a potion of agility {unknown}
Books
 e - a book of Geomancy

   Spells                             Type                      Level
   a - Sandblast                      Earth                        1
   b - Passwall                       Transmutation/Earth          2
   c - Stone Arrow                    Conjuration/Earth            3
   d - Petrify                        Transmutation/Earth          4
   e - Lee's Rapid Deconstruction     Earth                        5
Comestibles
 d - 4 bread rations
 D - 10 chunks of flesh
 I - a meat ration


   Skills:
 + Level 1.8(1.3) Fighting
 + Level 2.1(1.5) Armour
 + Level 1.9(1.4) Dodging
 - Level 2.1(1.6) Stealth
 + Level 2.7(2.2) Spellcasting
   Level 0.7(0.2) Transmutations
 + Level 11.2(10.5) Earth Magic


You had 3 spell levels left.
You knew the following spells:

 Your Spells              Type           Power        Failure   Level  Hunger
a - Sandblast             Erth           #####.       1%          1    #......
b - Stone Arrow           Conj/Erth      ###...       10%         3    ###....
c - Lee's Rapid Deconstr  Erth           #####.....   8%          5    ######.


Dungeon Overview and Level Annotations

Branches:
Dungeon (6/15)
 Temple: D:4-7

Altars:
Fedhas
Hepliaklqana
Makhleb
Ru

Annotations:
D:6 Morrissey's ghost, novice DrIE


Innate Abilities, Weirdness & Mutations

You are resistant to torment.
Your stone body is resilient. (AC +5)
You are immune to poison.
You resist negative energy. (rN+)
You are resistant to electric shocks. (rElec)
You can survive without breathing.
You are immune to petrification.
You are immune to rotting.


Message History

Casting: Sandblast
Confirm with . or Enter, or press ? or * to list all spells.
Aiming: Sandblast
Press: ? - help, Shift-Dir - straight line, f/p - Morrissey's ghost
Aim: Morrissey's ghost, wielding a weapon of protection (lightly damaged)
The rocky blast hits Morrissey's ghost.
Morrissey's ghost is heavily damaged.
Morrissey's ghost breathes negative energy at you.
The bolt of negative energy hits you! You partially resist.
You feel drained.
* * * LOW HITPOINT WARNING * * *
Casting: Sandblast
Confirm with . or Enter, or press ? or * to list all spells.
Aiming: Sandblast
Press: ? - help, Shift-Dir - straight line, f/p - Morrissey's ghost
Aim: Morrissey's ghost, wielding a weapon of protection (moderately damaged, catching its breath)
The rocky blast hits Morrissey's ghost.
Morrissey's ghost is heavily damaged.
Morrissey's ghost gestures at you while chanting.
You are frozen.
You die...

······ ▒····· ▒····▒
▒···W▒ ▒ ▒···S▒ ▒·▒····▒
▒······▒ ▒▒▒·▒▒·▒·▒▒▒▒▒·▒
··▒·▒▒···[W@·▒·▒
▒)▒·▒▒·▒·▒▒▒·▒·▒
▒▒▒▒·▒·▒▒·▒·▒▒▒·▒·▒
▒····▒·▒▒·▒·······▒▒▒▒▒ ·
▒<▒▒·▒·······▒▒········
·▒▒·▒▒···············▒▒▒▒
·······▒▒▒▒········▒·▒
▒▒···▒▒▒ ▒·▒▒▒·▒▒·▒·▒
▒···▒ ▒·▒ ▒·▒▒···▒


You could see Morrissey's ghost.

Vanquished Creatures
  An orc warrior (D:5)
  2 ogres
  2 scorpions (D:4)
  3 wights (D:6)
  2 howler monkeys
  Crazy Yiuf (D:3)
  3 hounds
  An orc priest (D:5)
  2 centaur skeletons
  4 orc wizards
  Natasha (thrice) (D:4)
  5 worker ants
  5 adders
  A worm (D:2)
  3 dart slugs
  4 leopard geckos
  13 orcs
  9 giant cockroaches
  7 goblins
  6 hobgoblins
  9 jackals
  6 kobolds
  4 quokkas
  A ball python (D:2)
  3 bats
  5 frilled lizards
  A quokka zombie (D:5)
  8 rats
  A fungus (D:3)
115 creatures vanquished.

Notes
Turn   | Place    | Note
-------+----------+-------------------------------------------
     0 | D:1      | Azzok the Gargoyle Earth Elementalist began the quest for the Orb.
     0 | D:1      | Reached XP level 1. HP: 10/10 MP: 3/3
   483 | D:1      | Reached skill level 1 in Armour
   625 | D:1      | Reached XP level 2. HP: 16/16 MP: 5/5
  1132 | D:2      | Reached skill level 4 in Earth Magic
  1132 | D:2      | Reached XP level 3. HP: 20/20 MP: 3/6
  1142 | D:2      | Learned a level 3 spell: Stone Arrow
  1250 | D:2      | Reached skill level 1 in Fighting
  2247 | D:3      | Found a hazy altar of Hepliaklqana.
  2296 | D:2      | Reached skill level 5 in Earth Magic
  2296 | D:2      | Reached XP level 4. HP: 17/25 MP: 0/7
  2499 | D:3      | Reached XP level 5. HP: 20/29 MP: 2/8
  2735 | D:3      | Learned a level 5 spell: Lee's Rapid Deconstruction
  2939 | D:3      | Reached skill level 6 in Earth Magic
  3168 | D:3      | Found a burning altar of Makhleb.
  3648 | D:3      | Found a runed door.
  3652 | D:3      | Noticed Crazy Yiuf
  3660 | D:3      | Killed Crazy Yiuf
  3660 | D:3      | Reached skill level 7 in Earth Magic
  3660 | D:3      | Reached XP level 6. HP: 29/34 MP: 1/9
  3813 | D:4      | Found a sacrificial altar of Ru.
  3978 | D:4      | Noticed Natasha
  3990 | D:4      | Killed Natasha
  4354 | D:4      | Noticed Natasha
  4357 | D:4      | Killed Natasha
  4357 | D:4      | Reached skill level 8 in Earth Magic
  4586 | D:4      | Reached XP level 7. HP: 31/38 MP: 10/10
  4619 | D:4      | Noticed Natasha
  4629 | D:4      | Killed Natasha
  5095 | D:4      | Reached skill level 9 in Earth Magic
  5278 | D:5      | Entered Level 5 of the Dungeon
  5509 | D:5      | Found a blossoming altar of Fedhas.
  5987 | D:5      | Reached skill level 10 in Earth Magic
  6117 | D:6      | Reached XP level 8. HP: 43/43 MP: 6/11
  6638 | D:6      | Reached skill level 11 in Earth Magic
  6862 | D:6      | Noticed Morrissey's ghost (novice DrIE)
  6875 | D:6      | HP: 1/44 [Morrissey's ghost/bolt of negative energy (11)]
  6876 | D:6      | Killed from afar by Morrissey's ghost

Skill      XL: |  1  2  3  4  5  6  7  8 |
---------------+-------------------------+-----
Armour         | 1 2 |  2.1
Earth Magic    | 4 5 7 8 10 11 | 11.2
Fighting       | 1 |  1.8
Dodging        | |  1.9
Stealth        | |  2.1
Spellcasting   | |  2.7
Transmutations | |  0.7

Action                   |  1- 3 |  4- 6 |  7- 9 || total
-------------------------+-------+-------+-------++-------
Melee: Club              |    14 |       |       ||    14
       Unarmed           |     4 |       |       ||     4
       Spear             |    42 |    63 |       ||   105
       Long sword        |       |   112 |       ||   112
       Whip              |       |     8 |   103 ||   111
 Cast: Sandblast         |    33 |    23 |    27 ||    83
       Stone Arrow       |     3 |     4 |     8 ||    15
 Stab: Sleeping          |     3 |     4 |     1 ||     8
       Distracted        |       |     1 |       ||     1
  Eat: Chunk             |     5 |     8 |     7 ||    20
       Beef jerky        |       |       |     1 ||     1
Armor: Robe              |    12 |    81 |    41 ||   134
Dodge: Dodged            |    41 |   179 |    73 ||   293
       Rpst.: Long sword |       |    34 |       ||    34
